← All builds
Tech / Armada / Economy first / OBSERVED BUILD

Standard tech

Armada Tech (Eco) build order · Supreme Isthmus

Rushes T2 by 4:15, gets Advanced Metal Extractor around 5:28, hands off T2 constructors to Geo and the team, then scales eco and supplies the team's T2 needs through the rest of the game.

Usually first T2 con to Geo (83%)

#eco #t2 #team support · 1579 distinct matches · 255 players · 58% of Armada Tech games · team won 53% of 1874 · Recently observed

HOW TO PLAY IT

Key timing: T2 factory by 4:15

  1. Open 3 mex and heavy wind to fund a fast T2 rush.
  2. Put down Bot Lab, planning to eat it for reclaim soon after.
  3. Get Advanced Bot Lab up, hitting the T2 factory rush timing.
  4. Upgrade mex to Advanced Metal Extractor to lock in team metal income.
  5. Eat Advanced Bot Lab and keep sending cons to Geo and Pond.

Phase by phase

TYPICAL OF ITS 1579 GAMES
  1. 1
  2. 2
  3. 3
  4. 4
PLAY THE OPENING

Follow the example game's first 6:00 step by step: what to build now, what comes next, and where it goes. At 1× it keeps pace with your own game.

  1. 1

    Up to the Bot Lab

    Economy
    • Metal Extractor3Mex
    • Wind Turbine4Wind
    Order
    1. Bot LabBot Lab after 3 mex, 4 winddone ~1:18, middle half 1:13–1:32

    Some games also: energy storage (31%)

    By 1:01 in all: 3 mex · 4 wind

    The example game in this phase · 3 steps
    1. Mex ×3
    2. Wind ×4
    3. Bot LabBot Labdone 1:28 · typical 1:18
  2. 2

    Bot Lab to Advanced Bot Lab

    Economy
    • Metal Extractor1Mex
    • Wind Turbine8Wind
    • Energy Storage1Energy storage
    Order
    1. Advanced Bot LabAdvanced Bot Lab after 4 mex, 12 wind, 3 con turretdone ~4:16, middle half 4:04–4:30
    Builders
    • Construction Turret3 Con turret
    • Lazarus3 Lazarus
    • Construction Bot2 Con bot
    • Construction Bot1 Con bot for allies

    Some games also: converter (36%)

    By 3:18 in all: 4 mex · 12 wind · 1 energy storage · 3 con turret

    The example game in this phase · 21 steps
    1. LazarusLazarus
    2. Wind
    3. Construction BotCon bot
    4. Wind ×3
    5. LazarusLazarus
    6. Wind
    7. Construction BotCon botfor Air
    8. Energy storage
    9. Mex
    10. LazarusLazarus
    11. Wind
    12. Construction BotCon bot
    13. LazarusLazarus
    14. Wind
    15. Con turret ×2
    16. Converter
    17. Con turret
    18. Construction BotCon bot
    19. Wind ×3
    20. LazarusLazarus
    21. Advanced Bot LabAdvanced Bot Labdone 4:27 · typical 4:16
  3. 3

    Advanced Bot Lab to 5:00

    Economy
    • Wind Turbine3Wind
    Order
    1. Bot LabEat Bot Lab
    Builders
    • Advanced Construction Bot1 T2 con bot for allies

    Some games also: converter (35%)

    By 5:00 in all: 4 mex · 15 wind · 1 converter · 1 energy storage · 3 con turret

    The example game in this phase · 3 steps
    1. Converter
    2. Bot LabEat Bot Labreclaimed for its metal
    3. Advanced Construction BotT2 con bot ×2for Geo
  4. 4

    5:00 to 10:00

    Economy
    • Wind Turbine43Wind
    • Energy Converter6Converter
    Builders
    • Butler9 Butler
    • Advanced Construction Bot4 T2 con bot for allies
    • Advanced Construction Bot1 T2 con bot

    Some games also: con turret (43%) · Butler for allies (36%)

    By 10:00 in all: 4 mex · 58 wind · 8 converter · 1 energy storage · 3 con turret

    The example game in this phase · 115 steps
    1. Advanced Metal ExtractorT2 mex ×3done 5:50 · typical 5:29
    2. Converter ×2
    3. Wind ×5
    4. Advanced Construction BotT2 con botfor Geo
    5. Wind ×2
    6. Advanced Construction BotT2 con botfor Geo sea
    7. Wind
    8. Advanced Construction BotT2 con botfor Pond
    9. Wind
    10. Advanced Construction BotT2 con botfor Beach sea
    11. Wind
    12. Advanced Metal ExtractorT2 mex
    13. Advanced Construction BotT2 con bot
    14. Wind ×11
    15. Con turret ×2
    16. UmbrellaAnti-nukedone 10:24
    17. CitadelAnti-nukedone 13:11
    18. Wind ×5
    19. Radar TowerRadar Tower
    20. Wind ×6
    21. SprinterSprinter ×11
    22. Wind
    23. SprinterSprinter
    24. Wind ×2
    25. StoutStout
    26. SprinterSprinter
    27. Wind ×2
    28. SprinterSprinter
    29. Wind ×2
    30. SprinterSprinter
    31. Wind
    32. SprinterSprinter
    33. Wind
    34. SprinterSprinter
    35. Wind ×2
    36. SprinterSprinter
    37. Wind
    38. SprinterSprinter
    39. Wind
    40. ButlerButler
    41. Wind ×2
    42. ButlerButler
    43. Wind
    44. ButlerButler
    45. Wind
    46. ButlerButler
    47. Wind
    48. Bot LabBot Labfor Ponddone 12:15
    49. ButlerButler
    50. Wind
    51. ButlerButler ×2
    52. Wind ×2
    53. ButlerButler ×2
    54. Wind
    55. ButlerButler
    56. Wind ×2
    57. ButlerButler ×2
    58. Wind
    59. ButlerButler ×2
    60. Wind
    61. TracerTracer
    62. ButlerButler
    63. Wind
    64. ButlerButler
    65. Wind
    66. ButlerButler
    67. Wind ×2
    68. ButlerButler
    69. Wind ×2
    70. Converter
    71. ButlerButler
    72. Wind ×2
    73. Converter
    74. Wind ×2
    75. ButlerButler
    76. Converter
    77. Wind ×2
    78. Converter
    79. Wind
    80. Converter
    81. Wind
    82. Converter
    83. Wind
    84. Converter
    85. Wind
    86. ButlerButler
    87. Wind
    88. Converter
    89. Wind
    90. Converter
    91. Wind ×3
    92. Converter ×2
    93. Wind ×3
    94. Converter
    95. Wind
    96. Converter
    97. ButlerButler
    98. Wind ×2
    99. Converter
    100. Wind ×3
    101. Converter
    102. Wind
    103. Converter
    104. Wind
    105. Converter
    106. Wind ×3
    107. ButlerButler
    108. Wind
    109. PlatypusPlatypus
    110. Wind
    111. Converter ×2
    112. Wind ×5
    113. Converter ×2
    114. Wind
    115. PlatypusPlatypus

Counts are medians over the build's games: half of them build more, half fewer. The example game is RG22's (30 OS, 15/08/2026); pick another.

Team trades

IN AT LEAST 30% OF ITS GAMES

You hand over

  • Construction Bot1 Con bot to Airfirst at 2:23 · in 84% of games
  • Advanced Construction Bot5 T2 con bot to Air or Geo sea or Pondfirst at 4:50 · in 99% of games
  • Butler2 Butler to Geo sea or Beach sea or Pondfirst at 9:07 · in 42% of games

You get

  • Hercules1 Light transport from Airfirst at 4:01 · in 86% of games

How it plays out

Typical game of this build, running totals by minute

Metal produced

020k40k
0:005:0010:0015:00

metal

Enemy metal destroyed

050100
0:005:0010:0015:00

metal

Own metal lost

050100150
0:005:0010:0015:00

metal

1874 games.

Show as table
ByMetal produced: This buildEnemy metal destroyed: This buildOwn metal lost: This build
1:0038300
2:0091500
3:00165100
4:00314400
5:00484700
6:00580000
7:00722700
8:00906100
9:001117300
10:001350300
11:001624200
12:001965600
13:002344500
14:0027362073
15:003154285130
WHAT THE NUMBERS SAY

Standard Tech play barely fights at all early, instead pouring metal into T2 infrastructure and constructors for the team.

  • + Metal produced hits 31679 by 15:00, by far the highest of any role here.
  • + T2 factory reached in 97% of games by 4:15, fastest and most reliable T2 timing.
  • − Enemy metal destroyed stays at 0 through 10:00, no early offense at all.
  • − Own metal lost also near 0, showing total avoidance of combat risk.
THE EXAMPLE YOU ARE READING

RG22

30.2 OS · 15/08/2026

Open source match ↗

1 received units
1713 metal received · 112375 energy received

Allied construction assistance is unknown. Timings are observations, not a promise of solo reproducibility.

Typical milestones

Bot Lab1:18Middle 50%: 1:13–1:32 · n=1874
Advanced Bot Lab4:16Middle 50%: 4:04–4:30 · n=1867
Advanced Metal Extractor5:29Middle 50%: 5:05–5:59 · n=1870

Played most by

Amrissa93games of this buildTheGeneraI66games of this buildAdeus57games of this buildEl_Turco56games of this buildKOT_43games of this build